 Dungeon Crawl Stone Soup version 0.30-a0-305-g026cb31310 (webtiles) character file.

Game seed: 7071144166497505246

925 heikuro the Shield-Bearer (level 8, -9/63 HPs)
             Began as a Formicid Fighter on Oct 22, 2022.
             Shot with a bolt by an orc warrior (20 damage)
             ... on level 6 of the Dungeon.
             The game lasted 00:06:26 (3408 turns).

heikuro the Shield-Bearer (Formicid Fighter)        Turns: 3408, Time: 00:06:27

Health: -9/63      AC: 14    Str: 22    XL:     8   Next: 32%
Magic:  8/8        EV:  9    Int:  9    God:
Gold:   247        SH:  5    Dex: 13    Spells: 7/7 levels left

rFire   . . .      SeeInvis +    l - +0 scythe (protect)
rCold   . . .      Faith    .    c - +0 buckler
rNeg    . . .      Spirit   .    b - +0 scale mail
rPois   +          Reflect  .    (helmet unavailable)
rElec   .          Harm     .    (no cloak)
rCorr   .          Rampage  .    (no gloves)
Will    .....                    (no boots)
Stlth   ..........               (no amulet)
HPRegen 0.30/turn                f - ring of poison resistance
MPRegen 0.11/turn                (no ring)

@: mighty, under a protective aura
A: permanent stasis, dig shafts and tunnels, antennae 3, four strong arms
a: Dig, Shaft Self


You were on level 6 of the Dungeon.
You visited 1 branch of the dungeon, and saw 5 of its levels.

You collected 247 gold pieces.

Inventory:

Hand Weapons
 a - a +0 trident
 k - a +2 dagger of draining
 l - a +0 scythe of protection (weapon)
Missiles
 e - 12 poisoned darts
Armour
 b - a +0 scale mail (worn)
 c - a +0 buckler (worn)
Jewellery
 f - a ring of poison resistance (left hand)
Wands
 j - a wand of roots (7)
Scrolls
 h - 2 scrolls of vulnerability {unknown}
 m - 4 scrolls of identify
 o - a scroll of magic mapping {unknown}
 p - a scroll of fog {unknown}
Potions
 d - a potion of might
 g - 2 potions of curing
 i - 3 potions of attraction
 n - a potion of cancellation {unknown}


   Skills:
 + Level 5.5 Fighting
 * Level 5.9 Polearms
 + Level 5.4 Armour
 + Level 6.6 Shields


You had 7 spell levels left.
You didn't know any spells.
Your spell library was empty.

Dungeon Overview and Level Annotations

Branches:
Dungeon (4/15)
 Temple: D:4-7

Altars:

Shops:
D:3 (

Portals:
Sewer: D:6


Innate Abilities, Weirdness & Mutations

You cannot be hasted, slowed, berserked, paralysed or teleported.
You can dig through walls and to a lower floor.
You have a pair of large antennae on your head. (SInv)
Your four strong arms can wield two-handed weapons with a shield.


Message History

The giant cockroach bites you but does no damage.
The orc warrior hits you but does no damage.
The giant cockroach bites you but does no damage.
You slash the giant cockroach!
You kill the giant cockroach!
The orc warrior hits you but does no damage.
The orc warrior hits you with a +0 mace.
You slash the giant cockroach!
You kill the giant cockroach!
The orc warrior splashes around in the water.
The orc warrior attacks as you move away!
The orc warrior barely misses you.
The orc warrior unwields a +0 mace.
The orc warrior wields a +0 arbalest.
The orc warrior shoots a bolt.
The bolt hits you!
Things that are here:
a giant cockroach corpse; a giant cockroach corpse; a giant cockroach corpse You enter the shallow water.
Moving in this stuff is going to be slow.
The orc warrior shoots a bolt.
The bolt hits you!
* * * LOW HITPOINT WARNING * * *
The orc warrior shoots a bolt.
You block the bolt.
A giant cockroach comes into view.
Found a glowing drain.
The orc warrior shoots a bolt.
The bolt hits you.
* * * LOW HITPOINT WARNING * * *
The orc warrior shoots a bolt.
You block the bolt.
A giant cockroach comes into view.
The orc warrior shoots a bolt.
The bolt hits you!
* * * LOW HITPOINT WARNING * * *
The giant cockroach completely misses you.
The giant cockroach barely misses you.
You feel better. You block the giant cockroach's attack.
You feel very mighty all of a sudden.
The giant cockroach bites you but does no damage.
The orc warrior shoots a bolt.
The bolt barely misses you.
You hit the giant cockroach.
Your weapon exudes an aura of protection.
The giant cockroach is almost dead.
The giant cockroach barely misses you.
The orc warrior shoots a bolt.
The bolt hits you!!
You die...

{{ #.~~....#.....#
...##.~~....))....#
#≈~≈#≈~#..###.##.##
#≈.≈#≈o#### #..#.#
#≈∩≈#≈~# .....#
#≈B≈#≈{# .......
#≈~≈#≈o# .......#
#≈B≈#≈~# .....#...
#~@.~~# .......
##...## ##### {


You could see an orc warrior and 2 giant cockroaches.

Vanquished Creatures
  Sigmund (D:2)
  Duvessa (D:4)
  An ogre (D:4)
  A phantom (D:4)
  A bullfrog (D:6)
  2 scorpions
  Dowan (D:4)
  An orc priest (D:6)
  3 iguanas (D:4)
  An orc wizard (D:6)
  3 gnolls (D:3)
  An adder (D:2)
  An ufetubus (D:4)
  2 worms
  9 orcs
  11 ball pythons
  9 endoplasms
  7 giant cockroaches
  10 goblins
  11 hobgoblins
  3 jackals (D:2)
  3 kobolds
  2 quokkas
  9 bats
  3 frilled lizards
  7 rats
104 creatures vanquished.

Notes
Turn   | Place    | Note
-------+----------+-------------------------------------------
     0 | D:1      | heikuro the Formicid Fighter began the quest for the Orb.
     0 | D:1      | Reached XP level 1. HP: 18/18 MP: 1/1
    89 | D:1      | Reached XP level 2. HP: 24/24 MP: 2/2
   226 | D:1      | Found a faded altar of an unknown god.
   234 | D:1      | Reached XP level 3. HP: 29/29 MP: 3/3
  1087 | D:2      | Reached XP level 4. HP: 33/37 MP: 4/4
  1337 | D:2      | Noticed Sigmund
  1351 | D:2      | Killed Sigmund
  1352 | D:2      | Reached skill level 5 in Shields
  1352 | D:2      | Reached XP level 5. HP: 21/43 MP: 5/5
  1352 | D:2      | Reached XP level 6. HP: 24/49 MP: 6/6
  1998 | D:3      | Found Nos Rim's Weapon Shop.
  2352 | D:4      | Reached XP level 7. HP: 42/55 MP: 7/7
  2498 | D:4      | Noticed Dowan
  2499 | D:4      | Noticed Duvessa
  2512 | D:4      | Killed Duvessa
  2513 | D:4      | Reached skill level 5 in Fighting
  2513 | D:4      | Reached skill level 5 in Polearms
  2513 | D:4      | Reached skill level 6 in Shields
  2519 | D:4      | Killed Dowan
  2520 | D:4      | Reached skill level 5 in Armour
  2801 | D:4      | Reached XP level 8. HP: 62/62 MP: 8/8
  3233 | D:4      | You fall into a shaft and drop 2 floors!
  3403 | D:6      | Found a glowing drain.
  3408 | D:6      | Shot with a bolt by an orc warrior

Illustrated notes

Levels and vault maps discovered:
D:1:      tarquinn_simple_flora_water_a, layout_loops_ring,
          nicolae_ecumenical_lake_church, dreamdust_mushroom_princess
D:2:      layout_basic, uniq_sigmund
D:3:      layout_loops_ring, serial_shops, shop
D:4:      layout_basic, uniq_duvessa
D:6:      layout_rooms, gup_sewer_entry_pipe, skrybe_limestone_x

Skill      XL: |  1  2  3  4  5  6  7 |
---------------+----------------------+-----
Polearms       | 4 5 |  5.9
Fighting       | 4 5 |  5.5
Armour         | 4 5 |  5.4
Shields        | 5 6 |  6.6

Action                   |  1- 3 |  4- 6 |  7- 9 || total
-------------------------+-------+-------+-------++-------
Melee: Trident           |   129 |    20 |       ||   149
       Halberd           |       |    97 |   124 ||   221
 Abil: Shaft Self        |       |       |     1 ||     1
  Use: Scroll            |     2 |     2 |       ||     4
       Potion            |       |       |     3 ||     3
Armor: Scale mail        |    44 |    29 |    61 ||   134
Dodge: Dodged            |    55 |    48 |    43 ||   146
Block: Buckler           |    28 |    18 |    44 ||    90

Table legend: (Time is in decaauts)
 A = Elapsed time spent in this place.
 B = Non-inter-level travel time spent in this place.
 C = Inter-level travel time spent in this place.
 D = Time resting spent in this place.
 E = Time spent auto-exploring this place.
 F = Levels seen in this place.
 G = Mean time per level.
                   A        B        C        D        E       F      G
               +--------+--------+--------+--------+--------+-----+--------+
         Total |   3503 |   3455 |     48 |    299 |   2062 |   5 |  700.6 |
       Dungeon |   3503 |   3455 |     48 |    299 |   2062 |   5 |  700.6 |
               +--------+--------+--------+--------+--------+-----+--------+

Top non-repeatable levels by time:
     D:4: 999 daAuts
     D:2: 911 daAuts
     D:1: 776 daAuts
     D:3: 629 daAuts
     D:6: 186 daAuts
